AoeStats
← Enlightened

MegaRandom

510273746Analyzed
2v2 RM · 17h ago on Sep 30, 2026· 31m 51s· 4 players
Game mode
Random Map
Map size
Medium (4 player)
Population
200
Speed
Normal
Resources
Standard
Victory
Conquest
Starting age
Dark Age
Ending age
Imperial Age
RankedLock teamsTeams togetherTeam positionsShared explorationLock speedFull tech treeHidden civsTurbo modeCheats
Victory
Defeat
🇪🇸 Britons · Spain
1247
+16
🇫🇷 Burgundians · France
1207
+18
🇳🇿 Ethiopians · New Zealand
1247
-17
🇳🇿 Saxons · New Zealand
1245
-17
Enlightened
5:41 Loom
12:25 Feudal Age
13:12 Horse Collar
13:19 Double-Bit Axe
15:47 Gold Mining
22:10 Castle Age
20:40 Fletching
21:35 Padded Archer Armor
22:59 Heavy Plow
22:34 Crossbowman
25:25 Bodkin Arrow
27:52 Leather Archer Armor
28:53 Ballistics
29:59 Wheelbarrow
29:15 Town Watch
31:20 Hand Cart
kiara.g
7:54 Loom
11:57 Feudal Age
10:39 Double-Bit Axe
10:44 Horse Collar
16:59 Wheelbarrow
16:59 Bow Saw
20:26 Heavy Plow
20:27 Gold Mining
22:07 Hand Cart
26:24 Castle Age
25:43 Forging
25:38 Scale Barding Armor
26:33 Cavalier
28:23 Iron Casting
27:52 Husbandry
31:36 Chain Barding Armor
32:01 Gold Shaft Mining
31:59 Crop Rotation
sloth
10:43 Feudal Age
12:54 Double-Bit Axe
13:18 Horse Collar
18:34 Wheelbarrow
18:20 Loom
23:55 Castle Age
23:10 Fletching
25:25 Crossbowman
26:05 Bodkin Arrow
26:44 Bow Saw
26:56 Padded Archer Armor
29:38 Gold Mining
30:12 Hand Cart
flame
2:47 Loom
6:02 Loom
11:04 Feudal Age
13:34 Wheelbarrow
13:37 Man-at-Arms
19:18 Castle Age
18:02 Double-Bit Axe
18:26 Horse Collar
21:17 Elite Skirmisher
22:03 Fletching
22:58 Bodkin Arrow
25:09 Padded Archer Armor
27:25 Leather Archer Armor
30:55 Ballistics
Connection lost

Rejoining the realm…

Still unreachable

The connection could not be restored.

Session expired

The server has moved on; the page needs a fresh start.